 Dungeon Crawl Stone Soup version 0.21.1-1-g345015f (webtiles) character file.

21 letownia2 the Magician (level 2, -1/19 HPs)
             Began as a Merfolk Wizard on Mar 10, 2018.
             Slain by a jackal (3 damage)
             ... on level 2 of the Dungeon.
             The game lasted 00:02:19 (364 turns).

letownia2 the Magician (Merfolk Wizard)              Turns: 364, Time: 00:02:19

Health: -1/19      AC:  2    Str:  7    XL:     2   Next: 83%
Magic:  0/6        EV: 13    Int: 17    God:
Gold:   33         SH:  0    Dex: 12    Spells: 4/7 levels left

rFire    . . .     SeeInvis .   i - +0 spear
rCold    . . .     Gourm    .   (no shield)
rNeg     . . .     Faith    .   a - +0 robe
rPois    .         Spirit   .   b - +0 hat
rElec    .         Reflect  .   (no cloak)
rCorr    .         Harm     .   (no gloves)
MR       .....                  (no boots)
Stlth    ++........             (no amulet)
HPRegen  0.06/turn              (no ring)
MPRegen  0.10/turn              (no ring)

@: no status effects
A: change form in water, swift swim, stealthy swim
a: no special abilities


You were on level 2 of the Dungeon.
You were not hungry.

You visited 1 branch of the dungeon, and saw 3 of its levels.

You collected 33 gold pieces.

Inventory:

Hand Weapons
 e - a +0 short sword
 i - a +0 spear (weapon)
Missiles
 m - 2 javelins (quivered)
Armour
 a - a +0 robe (worn)
 b - a +0 hat (worn)
 l - a +0 cloak
Scrolls
 k - a scroll of immolation {unknown}
Potions
 f - 2 potions of curing {unknown}
 g - a potion of agility {unknown}
 h - a potion of berserk rage {unknown}
 j - a potion of invisibility {unknown}
Books
 c - a book of Minor Magic

   Spells                             Type                      Level
   a - Magic Dart                     Conjuration                  1
   b - Blink                          Translocation                2
   c - Call Imp                       Summoning                    2
   d - Slow                           Hexes                        2
   e - Conjure Flame                  Conjuration/Fire             3
   f - Mephitic Cloud                 Conjuration/Poison/Air       3
Comestibles
 d - 3 rations


   Skills:
 + Level 1.1 Polearms
 - Level 2.6 Dodging
 - Level 2.1 Stealth
 - Level 3.0 Spellcasting
 - Level 1.8 Conjurations
 + Level 1.3 Summonings
   Level 0.7 Translocations


You had 4 spell levels left.
You knew the following spells:

 Your Spells              Type           Power        Failure   Level  Hunger
a - Magic Dart            Conj           #...         9%          1    None
i - Call Imp              Summ           #.......     16%         2    ##.....


Dungeon Overview and Level Annotations

Branches:
Dungeon (3/15)

Altars:
Gozag


Message History

You hit the jackal.
The jackal is moderately wounded.
The jackal barely misses you.
Unknown command.
You completely miss the jackal.
The jackal is moderately wounded.
The jackal misses you. x2
Your crimson imp blinks!
Unknown command.
You closely miss the jackal.
The jackal is moderately wounded.
The jackal bites you.
* * * LOW HITPOINT WARNING * * *
Unknown command.
Unknown command.
Casting: Magic Dart
Confirm with . or Enter, or press ? or * to list all spells.
A beastly little devil appears in a puff of flame.
The jackal bites you.
You die...

#########################
#......).............<...
#.#######################
##.################### #
#.......5@hw5........# #
##############5...##. #
#..........# ##
#......w...# #.
+.....ยง.#### #.
#....w..# #w #.......#
##+####. #.......#
#.....#. #.......#
#.(...#.


You could see a dart slug, a jackal and 3 friendly crimson imps.

Vanquished Creatures
  A dart slug (D:2)
  2 hobgoblins
  A jackal (D:2)
  2 kobolds
  3 bats
  A frilled lizard (D:1)
  A rat (D:1)
11 creatures vanquished.

Vanquished Creatures (collateral kills)
  An adder (D:2)
1 creature vanquished.

Grand Total: 12 creatures vanquished

Notes
Turn   | Place    | Note
-------+----------+-------------------------------------------
     0 | D:1      | letownia2 the Merfolk Wizard began the quest for the Orb.
     0 | D:1      | Reached XP level 1. HP: 13/13 MP: 4/4
    17 | D:1      | Reached skill level 1 in Conjurations
   157 | D:2      | Reached XP level 2. HP: 19/19 MP: 3/6
   163 | D:2      | Found an opulent altar of Gozag.
   230 | D:2      | Learned a level 2 spell: Call Imp
   329 | D:2      | Reached skill level 1 in Polearms
   364 | D:2      | Slain by a jackal

Skill      XL: |  1  2 |
---------------+-------+-----
Conjurations   | 1 |  1.8
Polearms       | 1 |  1.1
Dodging        | |  2.6
Stealth        | |  2.1
Spellcasting   | |  3.0
Summonings     | |  1.3
Translocations | |  0.7

Action                   || total
-------------------------++-------
Melee: Short sword       ||     2
       Spear             ||    29
Throw: Javelin           ||     1
 Cast: Magic Dart        ||    20
       Call Imp          ||     5
Armor: Robe              ||     7
Dodge: Dodged            ||    23
